 Seeded DCSS version 0.30-a0-359-gd0147acb1a (webtiles) character file.

Game seed: 11875864161840823782 (custom seed)

65 purpskrrrp the Covered (level 3, -3/28 (36) HPs)
             Began as a Troll Fighter on Nov 11, 2022.
             Slain by Terence
             ... wielding the +7 Throatcutter {drain, coup de grace}
              (4 damage)
             ... on level 2 of the Dungeon.
             The game lasted 00:01:40 (817 turns).

purpskrrrp the Covered (Troll Fighter)               Turns: 817, Time: 00:01:41

HP:   -3/28 (36)    AC:  4    Str: 26    XL:     3   Next: 92%
MP:   2/2           EV:  8    Int:  4    God:
Gold: 75            SH:  7    Dex:  9    Spells: 2/2 levels left

rFire   + . .      SeeInvis .      - Unarmed
rCold   . . .      Faith    .    b - +0 kite shield
rNeg    . . .      Spirit   .    a - +0 robe
rPois   .          Reflect  .    (helmet restricted)
rElec   .          Harm     .    (no cloak)
rCorr   .          Rampage  .    (gloves unavailable)
Will    .....                    (boots unavailable)
Stlth   +.........               (no amulet)
HPRegen 1.04/turn                f - ring of protection from fire
MPRegen 0.08/turn                (no ring)

@: mighty, heavily drained
A: large, unfitting armour, claws 3, regeneration 1, shaggy fur 1, tough skin 1
a: no special abilities


You were on level 2 of the Dungeon.
You visited 1 branch of the dungeon, and saw 2 of its levels.

You collected 75 gold pieces.

Inventory:

Armour
 a - a +0 robe (worn)
 b - a +0 kite shield (worn)
Jewellery
 f - a ring of protection from fire (left claw)
Scrolls
 e - a scroll of acquirement
 g - a scroll of noise
 h - a scroll of magic mapping
 i - a scroll of enchant weapon
 j - a scroll of identify
Potions
 d - a potion of mutation {unknown}


   Skills:
 - Level 2.4 Fighting
 + Level 3.0 Armour
 - Level 2.4 Dodging
 - Level 2.6 Shields
 - Level 2.0 Unarmed Combat


You had 2 spell levels left.
You didn't know any spells.
Your spell library contained the following spells:

 Spells                   Type           Power      Damage    Failure   Level
 Beastly Appendage        Tmut           0%         N/A       80%         1
 Wereblood                Tmut           0%         N/A       91%         2
 Spider Form              Tmut/Pois      0%         N/A       99%         3


Dungeon Overview and Level Annotations

Branches:
Dungeon (2/15)

Altars:

Annotations:
D:2 Terence


Innate Abilities, Weirdness & Mutations

You are too large for most types of armour.
You have claws for hands.
Your natural rate of healing is unusually fast.
You are covered in fur. (AC +1)
You have tough skin. (AC +1)


Message History

Terence hits you with the +7 Throatcutter {drain, coup de grace}.
You feel drained.
You closely miss Terence.
Terence is lightly wounded.
You block Terence's attack.
You scratch Terence but do no damage.
Terence is lightly wounded.
You block Terence's attack.
You scratch Terence but do no damage.
Terence is lightly wounded.
Terence hits you with the +7 Throatcutter {drain, coup de grace}.
You feel drained.
You barely miss Terence.
Terence is lightly wounded.
Terence hits you with the +7 Throatcutter {drain, coup de grace}.
You feel drained.
You are too injured to fight recklessly!
You are too injured to fight recklessly!
You are too injured to fight recklessly!
You are too injured to fight recklessly!
You are too injured to fight recklessly!
You are too injured to fight recklessly!
You are too injured to fight recklessly!
You are too injured to fight recklessly!
You are too injured to fight recklessly!
You are too injured to fight recklessly!
You are too injured to fight recklessly!
It was a potion of curing.
You feel better.
Terence hits you with the +7 Throatcutter {drain, coup de grace}!
You feel drained.
You feel very mighty all of a sudden.
Terence hits you with the +7 Throatcutter {drain, coup de grace}!
You feel drained.
You are too injured to fight recklessly!
You scratch Terence.
Terence is moderately wounded.
Terence hits you with the +7 Throatcutter {drain, coup de grace}!
* * * LOW HITPOINT WARNING * * *
You feel drained.
You die...

##### ### ...... ..#
######...).. ..#
##....@!..... ..#
#####....@# ..#
#.........#
..######............#
..................###
....##............#
#......#.........##
>.#..).........###
....#..#.....###
.##...##....##


You could see Terence.

Vanquished Creatures
  4 gnolls (D:2)
  A dart slug (D:2)
  3 ball pythons (D:1)
  A bat (D:1)
  An endoplasm (D:2)
  A giant cockroach (D:1)
  A hobgoblin (D:1)
  2 kobolds
  A quokka (D:1)
  3 frilled lizards (D:1)
  4 goblins (D:1)
  3 rats
25 creatures vanquished.

Notes
Turn   | Place    | Note
-------+----------+-------------------------------------------
     0 | D:1      | purpskrrrp the Troll Fighter began the quest for the Orb.
     0 | D:1      | Reached XP level 1. HP: 22/22 MP: 0/0
   134 | D:1      | Reached skill level 1 in Armour
   177 | D:1      | Reached XP level 2. HP: 25/29 MP: 1/1
   489 | D:1      | Identified a scroll of acquirement
   560 | D:2      | Reached skill level 2 in Armour
   564 | D:2      | Reached XP level 3. HP: 27/36 MP: 2/2
   577 | D:2      | Reached skill level 3 in Armour
   806 | D:2      | Noticed Terence
   817 | D:2      | HP: 1/30 [Terence/the +7 Throatcutter {drain, coup de
                  | grace} (10)]
   817 | D:2      | Slain by Terence

Illustrated notes

Levels and vault maps discovered:
D:1:      amcnicky_arrival_abandoned_market, layout_basic,
          minmay_shallow_snake_nest
D:2:      layout_rooms, uniq_terence

Skill      XL: |  1  2  3 |
---------------+----------+-----
Armour         | 1 2 3 |  3.0
Fighting       | |  2.4
Dodging        | |  2.4
Shields        | |  2.6
Unarmed Combat | |  2.0

Action                   || total
-------------------------++-------
Melee: Unarmed           ||    71
  Use: Scroll            ||     4
       Potion            ||     2
Armor: Robe              ||    15
Dodge: Dodged            ||    17
Block: Kite shield       ||    17

Table legend: (Time is in decaauts)
 A = Elapsed time spent in this place.
 B = Non-inter-level travel time spent in this place.
 C = Inter-level travel time spent in this place.
 D = Time resting spent in this place.
 E = Time spent auto-exploring this place.
 F = Levels seen in this place.
 G = Mean time per level.
                   A        B        C        D        E       F      G
               +--------+--------+--------+--------+--------+-----+--------+
         Total |    823 |    808 |     15 |    100 |    501 |   2 |  411.5 |
       Dungeon |    823 |    808 |     15 |    100 |    501 |   2 |  411.5 |
               +--------+--------+--------+--------+--------+-----+--------+

Top non-repeatable levels by time:
     D:1: 512 daAuts
     D:2: 310 daAuts
